 Dungeon Crawl Stone Soup version 0.23-a0-650-ga4d50d4 (webtiles) character file.

40 Borgoz the Cutter (level 3, -1/24 HPs)
             Began as a Kobold Berserker on Jan 2, 2019.
             Was a Believer of Trog.
             Slain by a hobgoblin (4 damage)
             ... on level 2 of the Dungeon.
             The game lasted 00:04:21 (1154 turns).

Borgoz the Cutter (Kobold Berserker)                Turns: 1154, Time: 00:04:22

Health: -1/24      AC:  2    Str: 14    XL:     3   Next: 72%
Magic:  3/3        EV: 15    Int:  8    God:    Trog [**....]
Gold:   51         SH:  0    Dex: 15    Spells: 2/2 levels left

rFire    . . .     SeeInvis .   a - +0 short sword
rCold    . . .     Gourm    .   (shield restricted)
rNeg     . . .     Faith    .   b - +0 animal skin
rPois    .         Spirit   .   (no helmet)
rElec    .         Reflect  .   (no cloak)
rCorr    .         Harm     .   (no gloves)
MR       .....                  (no boots)
Stlth    ++........             (no amulet)
HPRegen  0.08/turn              (no ring)
MPRegen  0.08/turn              (no ring)

@: no status effects
A: small, carnivore
a: Berserk, Trog's Hand, Renounce Religion


You were on level 2 of the Dungeon.
You worshipped Trog.
Trog was pleased with you.
You were very full.

You visited 1 branch of the dungeon, and saw 2 of its levels.

You collected 51 gold pieces.

Inventory:

Hand Weapons
 a - a +0 short sword (weapon)
Missiles
 e - 3 curare-tipped needles
Armour
 b - a +0 animal skin (worn)
Scrolls
 d - 2 scrolls of teleportation {unknown}
 h - a scroll of random uselessness {unknown}
 i - a scroll of identify {unknown}
 l - a scroll of enchant weapon {unknown}
Potions
 f - a potion of curing {unknown}
 g - a potion of berserk rage {unknown}
 j - a potion of haste {unknown}
Comestibles
 c - a ration
 k - 5 chunks of flesh


   Skills:
 + Level 3.7 Fighting
 + Level 4.6 Short Blades
 + Level 1.8 Armour
 + Level 2.9 Dodging
 + Level 1.3 Stealth


You had 2 spell levels left.
You didn't know any spells.
Your spell library was empty.

Dungeon Overview and Level Annotations

Branches:
Dungeon (2/15)

Altars:


Innate Abilities, Weirdness & Mutations

You are small and have problems with some larger weapons.
You are carnivorous and can eat meat at any time.


Message History

* * * LOW HITPOINT WARNING * * *
You hit the hobgoblin.
The hobgoblin is heavily wounded.
You hit the hobgoblin.
The hobgoblin is severely wounded.
The hobgoblin hits you.
* * * LOW HITPOINT WARNING * * *
You hit the hobgoblin.
The hobgoblin is almost dead.
The hobgoblin hits you but does no damage.
You completely miss the hobgoblin.
The hobgoblin is almost dead.
The hobgoblin barely misses you.
You barely miss the hobgoblin.
The hobgoblin is almost dead.
The hobgoblin misses you.
You hit the hobgoblin but do no damage.
The hobgoblin is almost dead.
The hobgoblin hits you.
You die...

#########
#<..#...#
##.#..#.#
###.gJr#.#
#<)@#....#
###.##J###+##
..##S.r...#
######r....#
#.K...# ####+
#.....# .....
#.....# ......
#.....#
......##.[...#..


You could see an ooze, a hobgoblin and a rat.

Vanquished Creatures
  An ooze (D:2)
  A dart slug (D:2)
  A leopard gecko (D:1)
  4 giant cockroaches (D:1)
  5 hobgoblins (D:1)
  4 jackals
  5 bats (D:1)
  2 frilled lizards (D:1)
  4 goblins (D:1)
  3 kobolds
  A rat (D:1)
31 creatures vanquished.

Notes
Turn   | Place    | Note
-------+----------+-------------------------------------------
     0 | D:1      | Borgoz the Kobold Berserker began the quest for the Orb.
     0 | D:1      | Reached XP level 1. HP: 14/14 MP: 1/1
   195 | D:1      | Reached XP level 2. HP: 19/19 MP: 2/2
   342 | D:1      | Reached skill level 1 in Stealth
   589 | D:1      | Reached XP level 3. HP: 22/23 MP: 3/3
  1048 | D:1      | Reached ** piety under Trog
  1154 | D:2      | Slain by a hobgoblin

Vault maps used:
D:1:      dpeg_arrival_morbid_curiosity

Skill      XL: |  1  2 |
---------------+-------+-----
Stealth        | 1 |  1.3
Fighting       | |  3.7
Short Blades   | |  4.6
Armour         | |  1.8
Dodging        | |  2.9

Action                   || total
-------------------------++-------
Melee: Short sword       ||   123
 Stab: Sleeping          ||     3
  Eat: Chunk             ||     8
Armor: Animal skin       ||    21
Dodge: Dodged            ||    95

Table legend:
 A = Non-vault XP
 B = Vault XP
 C = Vault XP percentage of total XP
 D = Non-vault monster count
 E = Vault monster count
 F = Vault count percentage of total count
                 A         B        C        D         E       F
            +---------+---------+-------+---------+---------+-------
      Total |      55 |       3 |   5.2 |      28 |       3 |   9.7
            +---------+---------+-------+---------+---------+-------
        D:1 |      37 |       3 |   7.5 |      22 |       3 |  12.0
        D:2 |      18 |       0 |   0.0 |       6 |       0 |   0.0
            +---------+---------+-------+---------+---------+-------
